 Dungeon Crawl Stone Soup version 0.30.1-9-gdf580d7c3d (webtiles) character file.

Game seed: 8185005391059337344

112 BallerZ the Vexing (level 5, -18/58 HPs)
             Began as a Formicid Hexslinger on Sept 22, 2023.
             Was a Follower of Elyvilon.
             Engulfed by a cloud of flame (22 damage)
             ... on level 3 of the Dungeon on Sept 27, 2023.
             The game lasted 00:36:22 (1650 turns).

BallerZ the Vexing (Formicid Hexslinger)            Turns: 1650, Time: 00:36:23

Health: -18/58     AC: 22    Str: 17    XL:     5   Next: 16%
Magic:  4/8        EV:  2    Int: 12    God:    Elyvilon [*.....]
Gold:   166        SH:  0    Dex: 14    Spells: 4/8 levels left

rFire   . . .        a - +1 sling
rCold   . . .        (no shield)
rNeg    . . .        h - melded +0 leather armour
rPois   +            (helmet unavailable)
rElec   .            (cloak currently unavailable)
rCorr   .            (gloves currently unavailable)
SInv    .            (boots currently unavailable)
Will    .....        (no amulet)
Stlth   +            e - +4 ring of slaying
HPRegen 0.29/turn    (no ring)
MPRegen 0.11/turn

%: no passive effects
@: tree-form, weak-willed
A: stationary, stasis, torment immunity, boosted hp, permanent stasis, dig
shafts and tunnels, (antennae 3), four strong arms
a: Renounce Religion, Purification


You were on level 3 of the Dungeon.
You worshipped Elyvilon.
Elyvilon was aware of your devotion.
You were a tree.
You visited 1 branch of the dungeon, and saw 3 of its levels.

You collected 166 gold pieces.

Inventory:

Hand Weapons
 a - a +1 sling (weapon)
 d - a +0 short sword
Armour
 c - a +0 robe
 h - a +0 leather armour (melded)
Magical Staves
 g - a staff of conjuration
Jewellery
 e - a +4 ring of slaying (left branch)
Scrolls
 b - a scroll of poison
Potions
 f - a potion of lignification


   Skills:
 + Level 2.3 Fighting
 + Level 2.7 Ranged Weapons
 + Level 2.5 Dodging
 + Level 2.1 Spellcasting
 + Level 4.4 Hexes


You had 4 spell levels left.
You knew the following spells:

 Your Spells              Type           Power      Damage    Failure   Level
a - Slow                  Hex            44%        N/A       4%          1
b - Inner Flame           Hex/Fire       6%         N/A       32%         3

Your spell library contained the following spells:

 Spells                   Type           Power      Damage    Failure   Level
 Confusing Touch          Hex            11%        N/A       13%         3
 Kiss of Death            Conj/Necr      4%         2d5       26%         1
 Portal Projectile        Hex/Tloc       12%        N/A       32%         3
 Sublimation of Blood     Necr           1%         N/A       38%         2
 Wereblood                Tmut           1%         N/A       38%         2
 Cause Fear               Hex            5%         N/A       41%         4
 Dispel Undead            Necr           1%         3d6       95%         4
 Summon Hydra             Summ           0%         N/A       100%        7


Dungeon Overview and Level Annotations

Branches:
Dungeon (3/15)

Altars:
Elyvilon
Ru

Shops:
D:3 [


Innate Abilities, Weirdness & Mutations

You are a tree.
Your roots penetrate the ground, keeping you stationary.
You cannot be teleported.
You are immune to unholy pain and torment.
Your maximum health is greatly increased.
Your equipment is partially melded.
You cannot be hasted, slowed, berserked, paralysed or teleported.
You can dig through walls and to a lower floor.
((You have a pair of large antennae on your head. (SInv)))
Your four strong arms can wield two-handed weapons with a shield.


Message History

You kill the hobgoblin!
The frilled lizard hisses.
The frilled lizard bites you but does no damage. x2
Fire: a) +1 sling
Press: ? - help, Q - select action, (/) - cycle Shift-Dir - straight line, f - frilled lizard
Aim: a frilled lizard (inner flame, weak-willed, 48% to hit)
You shoot a sling bullet.
The sling bullet closely misses the frilled lizard.
The frilled lizard bites you but does no damage.
Fire: a) +1 sling
Press: ? - help, Q - select action, (/) - cycle Shift-Dir - straight line, f/p - frilled lizard
Aim: a frilled lizard (inner flame, weak-willed, 48% to hit)
You shoot a sling bullet.
The sling bullet misses the frilled lizard.
The frilled lizard bites you but does no damage.
Fire: a) +1 sling
Press: ? - help, Q - select action, (/) - cycle Shift-Dir - straight line, f/p - frilled lizard
Aim: a frilled lizard (inner flame, weak-willed, 48% to hit)
You shoot a sling bullet.
The sling bullet hits the frilled lizard.
The frilled lizard explodes!
The fiery explosion engulfs you!! Elyvilon protects you from harm!
You are engulfed in blazing flames.
Unknown command.
You're standing in a cloud of flame!
You cannot move.
You cannot move.
Unknown command.
You cannot move.
Fire: a) +1 sling
Press: ? - help, Q - select action, (/) - cycle Shift-Dir - straight line You shoot a sling bullet.
You are engulfed in blazing flames.
* * * LOW HITPOINT WARNING * * *
Fire: a) +1 sling
Press: ? - help, Q - select action, (/) - cycle Shift-Dir - straight line You shoot a sling bullet.
You are engulfed in blazing flames.
You die...

...# ##.# #.#
####### #.# #.....#
##.########.....#
..............[.#
##......).#.....#
########.##....$###
...............)♣§#
#.............###)#
##.#..##.####.###§#
# #..##.###..)#.)#
#.............)#
##.#####....#..#
#.# #.#.##..# #.#
#.#....).# #.#
#.####g..#


There were no monsters in sight!

Vanquished Creatures
  Robin (D:3)
  3 adders
  3 worms (D:2)
  An orc (D:3)
  4 bats
  5 endoplasms
  2 giant cockroaches
  8 goblins
  10 hobgoblins
  5 kobolds
  A quokka (D:2)
  9 ball pythons
  2 frilled lizards
  8 rats
62 creatures vanquished.

Notes
Turn   | Place    | Note
-------+----------+-------------------------------------------
     0 | D:1      | BallerZ the Formicid Hexslinger began the quest for the
                  | Orb.
     0 | D:1      | Reached XP level 1. HP: 15/15 MP: 2/2
   310 | D:1      | Reached XP level 2. HP: 21/21 MP: 1/3
   728 | D:2      | Reached XP level 3. HP: 22/26 MP: 5/5
   814 | D:2      | Reached skill level 4 in Hexes
   867 | D:2      | Found a white marble altar of Elyvilon.
   899 | D:2      | Became a worshipper of Elyvilon the Healer
   967 | D:2      | Reached XP level 4. HP: 19/33 MP: 6/6
  1047 | D:2      | Upgraded the game from 0.30.1-8-g117510f58f to
                  | 0.30.1-9-gdf580d7c3d
  1079 | D:2      | Learned a level 3 spell: Inner Flame
  1218 | D:3      | Found Tadghere's Armour Emporium.
  1257 | D:3      | Reached * piety under Elyvilon
  1264 | D:3      | Found a sacrificial altar of Ru.
  1601 | D:3      | Noticed Robin
  1621 | D:3      | Reached XP level 5. HP: 19/38 MP: 8/8
  1633 | D:3      | Killed Robin
  1639 | D:3      | HP: 2/58 [hobgoblin[Robin] (6)]
  1648 | D:3      | Elyvilon protects you from harm!
  1650 | D:3      | Engulfed by a cloud of flame

Illustrated notes

Levels and vault maps discovered:
D:1:      dpeg_cavernosity, layout_basic, serial_bayou, serial_bayou_lake_a,
          serial_bayou_pond_e, serial_bayou_lagoon_a, serial_bayou_pond_b
D:2:      layout_rooms, basic_altar, minmay_pentomino_z2
D:3:      layout_loops_ring, nicolae_ru_sacrificial_ziggurat, serial_shops,
          nicolae_shop_real_fake_doors, uniq_terence, uniq_robin

Skill      XL: |  1  2  3  4 |
---------------+-------------+-----
Dodging        | 2 |  2.5
Hexes          | 4 |  4.4
Fighting       | 2 |  2.3
Spellcasting   | 2 |  2.1
Ranged Weapons | |  2.7

Action                     |  1- 3 |  4- 6 || total
---------------------------+-------+-------++-------
  Melee: Short sword       |     6 |    10 ||    16
   Fire: Sling             |   112 |    64 ||   176
  Throw: Stone             |     5 |       ||     5
   Cast: Slow              |    13 |     6 ||    19
         Inner Flame       |       |     1 ||     1
Ability: Dig               |     1 |       ||     1
    Use: Potion            |     2 |     2 ||     4
         Scroll            |     1 |     3 ||     4
 Armour: Robe              |    13 |       ||    13
         Leather armour    |       |     9 ||     9
         Skin              |       |    55 ||    55
  Dodge: Dodged            |    43 |    24 ||    67
